IL
EL PASO CHIHUAHUAS @ MEMPHIS REDBIRDS
07/22/2044
 
TOP OF THE 1ST
El Paso Chihuahuas batting - Pitching for Memphis Redbirds : LHP Brad Jonas
Pitching: LHP Brad Jonas
Batting: RHB Itsuo Yoshioka 0-0: Ball
1-0: Foul Ball, location: 2F
1-1: Ball
2-1: Ball
3-1: Base on Balls
Batting: RHB Rudolf Gommers 0-0: Foul Ball, location: 2F
0-1: Swinging Strike
0-2: Grounds into double play, 5-4-3 (Groundball, 56, EV 91.9 MPH)
Batting: LHB Ryan Flynn Jr. 0-0: Ball
1-0: Ball
2-0: Called Strike
2-1: Ball
3-1: Base on Balls
Batting: RHB Jose Morrissey 0-0: Ball
1-0: Called Strike
1-1: Called Strike
1-2: Ball
2-2: Fly out, F7 (Flyball, 7S, EV 85.6 MPH)
Top of the 1st over - 0 runs, 0 hits, 0 errors, 1 left on base; El Paso 0 - Memphis 0
BOTTOM OF THE 1ST
Memphis Redbirds batting - Pitching for El Paso Chihuahuas : LHP Kurt Sutton
Pitching: LHP Kurt Sutton
Batting: RHB Josh Hoeye 0-0: Called Strike
0-1: Called Strike
0-2: Strikes out swinging
Batting: LHB Tom Butterbaugh 0-0: Swinging Strike
0-1: Ball
1-1: Foul Ball, location: 2F
1-2: Ball
2-2: Fly out, F7 (Flyball, 78M, EV 91.2 MPH)
Batting: LHB Tim Olsen 0-0: Called Strike
0-1: Ground out U3 (Groundball, 3, EV 92.5 MPH)
Bottom of the 1st over - 0 runs, 0 hits, 0 errors, 0 left on base; El Paso 0 - Memphis 0
TOP OF THE 2ND
El Paso Chihuahuas batting - Pitching for Memphis Redbirds : LHP Brad Jonas
Batting: RHB Ryan Flynn 0-0: Foul Ball, location: 2F
0-1: Ball
1-1: Ground out 6-3 (Groundball, 6M, EV 80.6 MPH)
Batting: SHB Gregg Whitecotton 0-0: Called Strike
0-1: Ball
1-1: Foul Ball, location: 2F
1-2: Strikes out swinging
Batting: SHB Steve Killion 0-0: Called Strike
0-1: Swinging Strike
0-2: Strikes out swinging
Top of the 2nd over - 0 runs, 0 hits, 0 errors, 0 left on base; El Paso 0 - Memphis 0
BOTTOM OF THE 2ND
Memphis Redbirds batting - Pitching for El Paso Chihuahuas : LHP Kurt Sutton
Batting: RHB Eric Chotkowski 0-0: Called Strike
0-1: Called Strike
0-2: Ball
1-2: Ball
2-2: Strikes out swinging
Batting: SHB Quido van Erp 0-0: Ball
1-0: Ball
2-0: Ball
3-0: Called Strike
3-1: Called Strike
3-2: Ground out 5-3 (Groundball, 56S, EV 79.4 MPH)
Batting: SHB Luke Robbins 0-0: Foul Ball, location: 2F
0-1: Ball
1-1: Swinging Strike
1-2: Foul Ball, location: 2F
1-2: Foul Ball, location: 2F
1-2: Foul Ball, location: 2F
1-2: Ball
2-2: Ball
3-2: Foul Ball, location: 2F
3-2: SINGLE (Groundball, 6S, EV 64.4 MPH) (infield hit)
Batting: RHB Colin Boddy 0-0: Ball
1-0: Ball
2-0: Ball
3-0: Called Strike
3-1: Ground out 2-3 (Groundball, 15S, EV 70.0 MPH)
Bottom of the 2nd over - 0 runs, 1 hit, 0 errors, 1 left on base; El Paso 0 - Memphis 0
TOP OF THE 3RD
El Paso Chihuahuas batting - Pitching for Memphis Redbirds : LHP Brad Jonas
Batting: LHB Helmut Steggall 0-0: Ball
1-0: Called Strike
1-1: Foul Ball, location: 2F
1-2: Fly out, F8 (Flyball, 8RM, EV 89.4 MPH)
Pitching: LHP Nick Getz
Batting: RHB Mike Manchester 0-0: Ball
1-0: Foul Ball, location: 2F
1-1: Ball
2-1: Ball
3-1: Foul Ball, location: 2F
3-2: Foul Ball, location: 2F
3-2: Strikes out swinging
Batting: RHB Itsuo Yoshioka 0-0: Ball
1-0: Ball
2-0: Ground out 6-3 (Groundball, 6MS, EV 81.2 MPH)
Top of the 3rd over - 0 runs, 0 hits, 0 errors, 0 left on base; El Paso 0 - Memphis 0
BOTTOM OF THE 3RD
Memphis Redbirds batting - Pitching for El Paso Chihuahuas : LHP Kurt Sutton
Batting: RHB Roberto Lemus 0-0: Ball
1-0: Foul Ball, location: 2F
1-1: Ball
2-1: Ball
3-1: Fly out, F7 (Flyball, 78S, EV 92.5 MPH)
Batting: LHB Melvin Salgado 0-0: Called Strike
0-1: Ball
1-1: Swinging Strike
1-2: Foul Ball, location: 2F
1-2: Hit by Pitch
Batting: RHB Josh Hoeye 0-0: SINGLE (Groundball, 56D, EV 86.9 MPH) (infield hit)
Melvin Salgado to second
Batting: LHB Tom Butterbaugh 0-0: Ball
1-0: Called Strike
1-1: Called Strike
1-2: SINGLE (Flyball, 8RS, EV 85.0 MPH)
Melvin Salgado to third
Josh Hoeye to second
Batting: LHB Tim Olsen 0-0: Ball
1-0: Fly out, F4 (Popup, 34, EV 65.6 MPH)
Batting: RHB Eric Chotkowski 0-0: Foul Ball, location: 2F
0-1: Ball
1-1: Fly out, F8 (Flyball, 8RS, EV 91.2 MPH)
Bottom of the 3rd over - 0 runs, 2 hits, 0 errors, 3 left on base; El Paso 0 - Memphis 0
TOP OF THE 4TH
El Paso Chihuahuas batting - Pitching for Memphis Redbirds : LHP Nick Getz
Batting: RHB Rudolf Gommers 0-0: Ball
1-0: Ball
2-0: Foul Ball, location: 2F
2-1: Called Strike
2-2: Foul Ball, location: 2F
2-2: Ball
3-2: Foul Ball, location: 2F
3-2: Foul Ball, location: 2F
3-2: DOUBLE (Flyball, 8RXD, EV 105.6 MPH)
Batting: LHB Ryan Flynn Jr. 0-0: Ball
1-0: Foul Ball, location: 2F
1-1: Called Strike
1-2: Strikes out swinging
Batting: RHB Jose Morrissey 0-0: Called Strike
0-1: Ball
1-1: Swinging Strike
1-2: Foul Ball, location: 2F
1-2: Ball
2-2: Strikes out swinging
Batting: RHB Ryan Flynn 0-0: Called Strike
0-1: Swinging Strike
0-2: Foul Ball, location: 2F
0-2: Strikes out swinging
Top of the 4th over - 0 runs, 1 hit, 0 errors, 1 left on base; El Paso 0 - Memphis 0
BOTTOM OF THE 4TH
Memphis Redbirds batting - Pitching for El Paso Chihuahuas : LHP Kurt Sutton
Batting: SHB Quido van Erp 0-0: Swinging Strike
0-1: Foul Ball, location: 2F
0-2: Ball
1-2: Strikes out swinging
Batting: SHB Luke Robbins 0-0: Ball
1-0: Called Strike
1-1: SINGLE (Groundball, 4MD, EV 100.0 MPH) (infield hit)
Pitching: RHP Steve Dripps
Batting: RHB Colin Boddy 0-0: Called Strike
Luke Robbins steals 2nd base
0-1: Ball
1-1: Ball
2-1: Foul Ball, location: 2F
2-2: Ball
3-2: Foul Ball, location: 2F
3-2: Strikes out looking
Batting: RHB Roberto Lemus 0-0: Ball
1-0: Foul Ball, location: 2F
1-1: Foul Ball, location: 2F
1-2: Foul Ball, location: 2F
1-2: Strikes out swinging
Bottom of the 4th over - 0 runs, 1 hit, 0 errors, 1 left on base; El Paso 0 - Memphis 0
TOP OF THE 5TH
El Paso Chihuahuas batting - Pitching for Memphis Redbirds : LHP Nick Getz
Batting: SHB Gregg Whitecotton 0-0: Ball
1-0: Swinging Strike
1-1: Called Strike
1-2: Foul Ball, location: 2F
1-2: Ball
2-2: Ball
3-2: SINGLE (Groundball, 5L, EV 90.0 MPH) (infield hit)
Batting: SHB Steve Killion 0-0: Ball
1-0: Swinging Strike
1-1: SINGLE (Line Drive, 6MD, EV 100.0 MPH)
Gregg Whitecotton to second
Batting: LHB Helmut Steggall 0-0: Ball
1-0: Fielders Choice at 2nd, 6-4 (Groundball, 6, EV 88.8 MPH)
Gregg Whitecotton to third
Batting: RHB Mike Manchester 0-0: Foul Ball, location: 2F
0-1: Fly out, F4 (Popup, 4, EV 69.4 MPH)
Batting: RHB Itsuo Yoshioka 0-0: Swinging Strike
0-1: Foul Ball, location: 2F
0-2: Ball
1-2: Ball
2-2: Ball
3-2: Foul Ball, location: 2F
3-2: Fly out, F9 (Flyball, 9S, EV 90.6 MPH)
Top of the 5th over - 0 runs, 2 hits, 0 errors, 2 left on base; El Paso 0 - Memphis 0
BOTTOM OF THE 5TH
Memphis Redbirds batting - Pitching for El Paso Chihuahuas : RHP Steve Dripps
Batting: LHB Melvin Salgado 0-0: Ball
1-0: Ball
2-0: Ball
3-0: Called Strike
3-1: Base on Balls
Batting: RHB Josh Hoeye 0-0: Ball
1-0: Swinging Strike
1-1: Called Strike
1-2: Ball
2-2: Ball
3-2: Strikes out swinging
Batting: LHB Tom Butterbaugh 0-0: Called Strike
0-1: Foul Ball, location: 2F
0-2: Foul Ball, location: 2F
0-2: Foul Ball, location: 2F
0-2: Ball
1-2: Grounds into double play, 4-6-3 (Groundball, 4, EV 99.4 MPH)
Bottom of the 5th over - 0 runs, 0 hits, 0 errors, 0 left on base; El Paso 0 - Memphis 0
TOP OF THE 6TH
El Paso Chihuahuas batting - Pitching for Memphis Redbirds : LHP Nick Getz
Batting: RHB Rudolf Gommers 0-0: Called Strike
0-1: Ball
1-1: Swinging Strike
1-2: Foul Ball, location: 2F
1-2: Strikes out looking
Batting: LHB Ryan Flynn Jr. 0-0: Ball
1-0: Called Strike
1-1: Swinging Strike
1-2: Strikes out swinging
Pitching: LHP Paul Gill
Batting: RHB Jose Morrissey 0-0: Foul Ball, location: 2F
0-1: Ball
1-1: Ground out 4-3 (Groundball, 4, EV 91.9 MPH)
Top of the 6th over - 0 runs, 0 hits, 0 errors, 0 left on base; El Paso 0 - Memphis 0
BOTTOM OF THE 6TH
Memphis Redbirds batting - Pitching for El Paso Chihuahuas : RHP Steve Dripps
Batting: LHB Tim Olsen 0-0: Ball
1-0: Foul Ball, location: 2F
1-1: Reached on error, E4 (Groundball, 34D, EV 104.4 MPH)
Batting: RHB Eric Chotkowski 0-0: Called Strike
0-1: Ball
1-1: Foul Ball, location: 2F
1-2: Ball
2-2: Ball
3-2: Strikes out swinging
Batting: SHB Quido van Erp 0-0: Ball
1-0: Foul Ball, location: 2F
1-1: Ball
2-1: Swinging Strike
2-2: Strikes out swinging
Batting: SHB Luke Robbins 0-0: Foul Ball, location: 2F
0-1: Called Strike
0-2: Foul Ball, location: 2F
0-2: Foul Ball, location: 2F
0-2: Ball
1-2: Ground out U3 (Groundball, 34S, EV 81.9 MPH)
Bottom of the 6th over - 0 runs, 0 hits, 1 error, 1 left on base; El Paso 0 - Memphis 0
TOP OF THE 7TH
El Paso Chihuahuas batting - Pitching for Memphis Redbirds : LHP Paul Gill
Batting: RHB Ryan Flynn 0-0: Ball
1-0: Ball
2-0: Ball
3-0: Base on Balls
Batting: SHB Gregg Whitecotton 0-0: Ball
1-0: Bunted foul
1-1: Ball
2-1: Bunt missed!
2-2: Foul Ball, location: 2F
2-2: Grounds into double play, 6-4-3 (Groundball, 6, EV 81.2 MPH)
Batting: SHB Steve Killion 0-0: Swinging Strike
0-1: Ground out 6-3 (Groundball, 6, EV 98.1 MPH)
Top of the 7th over - 0 runs, 0 hits, 0 errors, 0 left on base; El Paso 0 - Memphis 0
BOTTOM OF THE 7TH
Memphis Redbirds batting - Pitching for El Paso Chihuahuas : RHP Steve Dripps
Pitching: RHP Sean Rice
Batting: RHB Colin Boddy 0-0: Foul Ball, location: 2F
0-1: Ground out 4-3 (Groundball, 4S, EV 80.6 MPH)
Batting: RHB Roberto Lemus 0-0: Ball
1-0: Ball
2-0: Called Strike
2-1: Called Strike
2-2: Foul Ball, location: 2F
2-2: Fly out, F7 (Flyball, 7S, EV 86.9 MPH)
Batting: LHB Melvin Salgado 0-0: Foul Ball, location: 2F
0-1: Ground out 6-3 (Groundball, 6MS, EV 80.0 MPH)
Bottom of the 7th over - 0 runs, 0 hits, 0 errors, 0 left on base; El Paso 0 - Memphis 0
TOP OF THE 8TH
El Paso Chihuahuas batting - Pitching for Memphis Redbirds : LHP Paul Gill
Pitching: RHP Yasushi Osumi
Batting: LHB Helmut Steggall 0-0: Ball
1-0: Foul Ball, location: 2F
1-1: Foul Ball, location: 2F
1-2: Foul Ball, location: 2F
1-2: Ball
2-2: Strikes out swinging
Pinch Hitting: SHB Devin Hottenstein 0-0: Ball
1-0: Ball
2-0: SOLO HOME RUN (Flyball, 9D, EV 95.6 MPH), Distance : 355 ft
Batting: RHB Itsuo Yoshioka 0-0: Called Strike
0-1: Swinging Strike
0-2: Ball
1-2: Ball
2-2: Strikes out swinging
Batting: RHB Rudolf Gommers 0-0: Foul Ball, location: 2F
0-1: Ball
1-1: Foul Ball, location: 2F
1-2: Ball
2-2: Foul Ball, location: 2F
2-2: Ball
3-2: Fly out, F8 (Line Drive, 8LD, EV 94.4 MPH)
Top of the 8th over - 1 run, 1 hit, 0 errors, 0 left on base; El Paso 1 - Memphis 0
BOTTOM OF THE 8TH
Memphis Redbirds batting - Pitching for El Paso Chihuahuas : RHP Sean Rice
Now at SS: Mark Cholagh
Batting: RHB Josh Hoeye 0-0: Swinging Strike
0-1: Swinging Strike
0-2: Ball
1-2: Ball
2-2: Ball
3-2: Strikes out swinging
Batting: LHB Tom Butterbaugh 0-0: Ground out U3 (Groundball, 3, EV 100.6 MPH)
Batting: LHB Tim Olsen 0-0: Ball
1-0: Called Strike
1-1: Swinging Strike
1-2: Strikes out swinging
Bottom of the 8th over - 0 runs, 0 hits, 0 errors, 0 left on base; El Paso 1 - Memphis 0
TOP OF THE 9TH
El Paso Chihuahuas batting - Pitching for Memphis Redbirds : RHP Yasushi Osumi
Pitching: LHP Justin Harris
Batting: LHB Ryan Flynn Jr. 0-0: Ball
1-0: Called Strike
1-1: Called Strike
1-2: Ball
2-2: Strikes out looking
Batting: RHB Jose Morrissey 0-0: Foul Ball, location: 2F
0-1: Foul Ball, location: 2F
0-2: Strikes out swinging
Batting: RHB Ryan Flynn 0-0: Called Strike
0-1: Ball
1-1: Foul Ball, location: 2F
1-2: Strikes out swinging
Top of the 9th over - 0 runs, 0 hits, 0 errors, 0 left on base; El Paso 1 - Memphis 0
BOTTOM OF THE 9TH
Memphis Redbirds batting - Pitching for El Paso Chihuahuas : RHP Sean Rice
Pitching: RHP Tony Delgado
Batting: RHB Eric Chotkowski 0-0: Ball
1-0: Called Strike
1-1: Called Strike
1-2: Foul Ball, location: 2F
1-2: Ball
2-2: Foul Ball, location: 2F
2-2: Ground out 6-3 (Groundball, 6S, EV 89.4 MPH)
Batting: SHB Quido van Erp 0-0: Ground out 1-3 (Groundball, 13S, EV 63.1 MPH)
Batting: SHB Luke Robbins 0-0: Foul Ball, location: 2F
0-1: Called Strike
0-2: Ball
1-2: Ball
2-2: Strikes out swinging, 2-3 out at first.
Bottom of the 9th over - 0 runs, 0 hits, 0 errors, 0 left on base; El Paso 1 - Memphis 0
Thursday, March 31st , 2022 - OOTP Baseball 22.12 Build 89